BSA
SAN FRANCISCO BANDITS @ BIRMINGHAM STEELDOGS
06/24/2026
 
TOP OF THE 1ST
San Francisco Bandits batting - Pitching for Birmingham Steeldogs : RHP Albert Gonzáles
Pitching: RHP Albert Gonzáles
Batting: RHB Pete Rideout 0-0: Ground out 6-3 (Groundball, 56)
Batting: LHB Jerry Bryan 0-0: Called Strike
0-1: Ball
1-1: Ball
2-1: Ball
3-1: SINGLE (Line Drive, 34)
Batting: RHB Jorge Morales 0-0: Called Strike
0-1: Called Strike
0-2: Ball
1-2: Foul Ball, location: 2F
1-2: SINGLE (Groundball, 56D)
Jerry Bryan to second
Batting: RHB Michael Elliott 0-0: Called Strike
0-1: Ball
1-1: Foul Ball, location: 2F
1-2: Strikes out swinging
Batting: LHB Francisco Calderón 0-0: Ball
1-0: Ball
2-0: Called Strike
2-1: SINGLE (Flyball, 7LM)
Jerry Bryan to third
Jorge Morales to second
Runner from 3rd tries for Home, SAFE, no throw or cutoff
Batting: RHB Javier Ramírez 0-0: Ball
1-0: Ball
2-0: Ball
3-0: Called Strike
3-1: Fly out, F3 (Line Drive, 3L)
Top of the 1st over - 1 run(s), 3 hit(s), 0 error(s), 2 left on base; San Francisco 1 - Birmingham 0
BOTTOM OF THE 1ST
Birmingham Steeldogs batting - Pitching for San Francisco Bandits : RHP Mabuchi Yoshida
Pitching: RHP Mabuchi Yoshida
Batting: RHB Raúl Soto 0-0: Called Strike
0-1: Ball
1-1: Ball
2-1: Foul Ball, location: 2F
2-2: Foul Ball, location: 2F
2-2: Foul Ball, location: 2F
2-2: Ball
3-2: DOUBLE (Flyball, 8RXD)
Batting: LHB José Sánchez 0-0: Ground out U3 (Groundball, 3)
Raúl Soto to third
Batting: LHB Arturo Molina 0-0: SINGLE (Groundball, 4MD)
Raúl Soto scores
Batting: RHB Eric Johnson 0-0: Ball
1-0: Ball
2-0: Ball
3-0: Called Strike
3-1: Fly out, F3 (Popup, 3SF)
Batting: LHB Mitchell Oglethorpe 0-0: Called Strike
0-1: Called Strike
0-2: Ball
1-2: Foul Ball, location: 2F
1-2: Ball
2-2: Ground out 6-3 (Groundball, 6)
Bottom of the 1st over - 1 run(s), 2 hit(s), 0 error(s), 1 left on base; San Francisco 1 - Birmingham 1
TOP OF THE 2ND
San Francisco Bandits batting - Pitching for Birmingham Steeldogs : RHP Albert Gonzáles
Batting: RHB Emílio Bruno 0-0: Called Strike
0-1: Called Strike
0-2: Strikes out swinging
Batting: SHB Vicente Ricks 0-0: SINGLE (Line Drive, 56D)
Batting: RHB Bob Orr 0-0: Ball
1-0: Called Strike
1-1: Called Strike
1-2: Strikes out swinging
Batting: RHB Pete Rideout 0-0: Ball
1-0: Ball
2-0: Ball
3-0: Called Strike
3-1: Fly out, F7 (Line Drive, 7LM)
Top of the 2nd over - 0 run(s), 1 hit(s), 0 error(s), 1 left on base; San Francisco 1 - Birmingham 1
BOTTOM OF THE 2ND
Birmingham Steeldogs batting - Pitching for San Francisco Bandits : RHP Mabuchi Yoshida
Batting: RHB Jean-Paul St-Pierre 0-0: Ball
1-0: Ground out 4-3 (Groundball, 4)
Batting: LHB Ben Kelley 0-0: Called Strike
0-1: Ground out 6-3 (Groundball, 6)
Batting: RHB Lorenzo Martínez 0-0: Ball
1-0: Ball
2-0: Called Strike
2-1: Ball
3-1: Foul Ball, location: 2F
3-2: Base on Balls
Batting: LHB José Martínez 0-0: Fielders Choice at 2nd, U6 (Groundball, 6M)
Bottom of the 2nd over - 0 run(s), 0 hit(s), 0 error(s), 1 left on base; San Francisco 1 - Birmingham 1
TOP OF THE 3RD
San Francisco Bandits batting - Pitching for Birmingham Steeldogs : RHP Albert Gonzáles
Batting: LHB Jerry Bryan 0-0: Called Strike
0-1: Ground out 4-3 (Groundball, 34)
Batting: RHB Jorge Morales 0-0: Called Strike
0-1: Ground out 5-3 (Groundball, 5S)
Batting: RHB Michael Elliott 0-0: Ball
1-0: Ball
2-0: Foul Ball, location: 2F
2-1: Foul Ball, location: 2F
2-2: Ball
3-2: Strikes out swinging
Top of the 3rd over - 0 run(s), 0 hit(s), 0 error(s), 0 left on base; San Francisco 1 - Birmingham 1
BOTTOM OF THE 3RD
Birmingham Steeldogs batting - Pitching for San Francisco Bandits : RHP Mabuchi Yoshida
Batting: RHB Raúl Soto 0-0: Called Strike
0-1: Swinging Strike
0-2: Ball
1-2: Foul Ball, location: 2F
1-2: Ball
2-2: Ball
3-2: Strikes out swinging
Batting: LHB José Sánchez 0-0: Ball
1-0: Foul Ball, location: 2F
1-1: Ball
2-1: SINGLE (Flyball, 8LS)
Batting: LHB Arturo Molina 0-0: Foul Ball, location: 2F
0-1: Ball
1-1: Ball
2-1: Called Strike
2-2: Ball
3-2: Foul Ball, location: 2F
3-2: SINGLE (Groundball, 5D)
José Sánchez to second
Batting: RHB Eric Johnson 0-0: Called Strike
0-1: Called Strike
0-2: Strikes out swinging
Batting: LHB Mitchell Oglethorpe 0-0: Fielders Choice at 2nd, 6-4 (Groundball, 6)
Bottom of the 3rd over - 0 run(s), 2 hit(s), 0 error(s), 1 left on base; San Francisco 1 - Birmingham 1
TOP OF THE 4TH
San Francisco Bandits batting - Pitching for Birmingham Steeldogs : RHP Albert Gonzáles
Batting: LHB Francisco Calderón 0-0: Ball
1-0: Foul Ball, location: 2F
1-1: SOLO HOME RUN (Flyball, 9D), Distance : 392 ft
Batting: RHB Javier Ramírez 0-0: DOUBLE (Line Drive, 9LM)
Batting: RHB Emílio Bruno 0-0: Called Strike
0-1: Fly out, F6 (Popup, 5)
Batting: SHB Vicente Ricks 0-0: Ball
1-0: Ball
2-0: Fly out, F1 (Popup, 23)
Batting: RHB Bob Orr 0-0: Called Strike
0-1: 2-RUN HOME RUN (Flyball, 9LD), Distance : 349 ft
Batting: RHB Pete Rideout 0-0: Ball
1-0: Called Strike
1-1: Ground out 5-3 (Groundball, 56)
Top of the 4th over - 3 run(s), 3 hit(s), 0 error(s), 0 left on base; San Francisco 4 - Birmingham 1
BOTTOM OF THE 4TH
Birmingham Steeldogs batting - Pitching for San Francisco Bandits : RHP Mabuchi Yoshida
Batting: RHB Jean-Paul St-Pierre 0-0: Ball
1-0: Ball
2-0: Ball
3-0: Called Strike
3-1: Foul Ball, location: 2F
3-2: Base on Balls
Batting: LHB Ben Kelley 0-0: Fly out, F7 (Flyball, 6D)
Batting: RHB Lorenzo Martínez 0-0: Swinging Strike
0-1: Ball
1-1: Swinging Strike
1-2: Ball
2-2: Ball
3-2: SINGLE (Groundball, 56D)
Jean-Paul St-Pierre to second
Jean-Paul St-Pierre to third
Batting: LHB José Martínez 0-0: Foul Ball, location: 2F
0-1: Swinging Strike
0-2: Ball
1-2: Ball
2-2: Ball
3-2: SINGLE (Line Drive, 7S)
Jean-Paul St-Pierre scores
Lorenzo Martínez to second
Batting: RHB Raúl Soto 0-0: Ball
1-0: Foul Ball, location: 2F
1-1: Foul Ball, location: 2F
1-2: Ball
2-2: Foul Ball, location: 2F
2-2: Strikes out swinging
Batting: LHB José Sánchez 0-0: Called Strike
0-1: Ball
1-1: Fly out, F8 (Flyball, 8LD)
Bottom of the 4th over - 1 run(s), 2 hit(s), 0 error(s), 2 left on base; San Francisco 4 - Birmingham 2
TOP OF THE 5TH
San Francisco Bandits batting - Pitching for Birmingham Steeldogs : RHP Albert Gonzáles
Batting: LHB Jerry Bryan 0-0: Foul Ball, location: 2F
0-1: Foul Ball, location: 2F
0-2: Strikes out swinging
Batting: RHB Jorge Morales 0-0: Ball
1-0: Ball
2-0: Foul Ball, location: 2F
2-1: Called Strike
2-2: Strikes out swinging
Batting: RHB Michael Elliott 0-0: Foul Ball, location: 2F
0-1: Ball
1-1: Called Strike
1-2: Strikes out looking
Top of the 5th over - 0 run(s), 0 hit(s), 0 error(s), 0 left on base; San Francisco 4 - Birmingham 2
BOTTOM OF THE 5TH
Birmingham Steeldogs batting - Pitching for San Francisco Bandits : RHP Mabuchi Yoshida
Batting: LHB Arturo Molina 0-0: Ground out 4-3 (Groundball, 4)
Batting: RHB Eric Johnson 0-0: Foul Ball, location: 2F
0-1: Ball
1-1: Fly out, F7 (Line Drive, 7S)
Batting: LHB Mitchell Oglethorpe 0-0: Called Strike
0-1: Ball
1-1: Ball
2-1: Ball
3-1: Foul Ball, location: 2F
3-2: SINGLE (Groundball, 6MD)
Batting: RHB Jean-Paul St-Pierre 0-0: Ground out 5-3 (Groundball, 5)
Bottom of the 5th over - 0 run(s), 1 hit(s), 0 error(s), 1 left on base; San Francisco 4 - Birmingham 2
TOP OF THE 6TH
San Francisco Bandits batting - Pitching for Birmingham Steeldogs : RHP Albert Gonzáles
Batting: LHB Francisco Calderón 0-0: Called Strike
0-1: Fly out, F7 (Flyball, 7M)
Batting: RHB Javier Ramírez 0-0: Called Strike
0-1: Ground out 3-1 (Groundball, 34S)
Batting: RHB Emílio Bruno 0-0: Ball
1-0: Ball
2-0: Ground out 6-3 (Groundball, 6M)
Top of the 6th over - 0 run(s), 0 hit(s), 0 error(s), 0 left on base; San Francisco 4 - Birmingham 2
BOTTOM OF THE 6TH
Birmingham Steeldogs batting - Pitching for San Francisco Bandits : RHP Mabuchi Yoshida
Batting: LHB Ben Kelley 0-0: Ball
1-0: Swinging Strike
1-1: Ball
2-1: Foul Ball, location: 2F
2-2: SINGLE (Groundball, 4MD)
Batting: RHB Lorenzo Martínez 0-0: Ball
1-0: Called Strike
1-1: Ball
2-1: Foul Ball, location: 2F
2-2: 2-RUN HOME RUN (Line Drive, 7D), Distance : 402 ft
Batting: LHB José Martínez 0-0: Ball
1-0: Ball
2-0: Called Strike
2-1: Swinging Strike
2-2: Strikes out swinging
Batting: RHB Raúl Soto 0-0: Ball
1-0: Foul Ball, location: 2F
1-1: Ground out 1-3 (Groundball, 15)
Batting: LHB José Sánchez 0-0: Foul Ball, location: 2F
0-1: Ball
1-1: Ball
2-1: Ground out 4-3 (Groundball, 4)
Bottom of the 6th over - 2 run(s), 2 hit(s), 0 error(s), 0 left on base; San Francisco 4 - Birmingham 4
TOP OF THE 7TH
San Francisco Bandits batting - Pitching for Birmingham Steeldogs : RHP Albert Gonzáles
Batting: SHB Vicente Ricks 0-0: Called Strike
0-1: DOUBLE (Line Drive, 89D)
Batting: RHB Bob Orr 0-0: Ball
1-0: Ball
2-0: Called Strike
2-1: Ball
3-1: Called Strike
3-2: Foul Ball, location: 2F
3-2: SINGLE (Groundball, 4M)
Vicente Ricks to third
Runner from 3rd tries for Home, SAFE, throw made home
Bob Orr to second
Batting: RHB Pete Rideout 0-0: Ball
1-0: TRIPLE (Line Drive, 78D)
Bob Orr scores
Pitching: RHP Stanley Briggs
Batting: LHB Jerry Bryan 0-0: Called Strike
0-1: Fly out, F7 (Flyball, 7M)
Runner from 3rd tags up, SCORES, no throw
Batting: RHB Jorge Morales 0-0: SINGLE (Groundball, 6MD)
Batting: RHB Michael Elliott 0-0: Foul Ball, location: 2F
0-1: Grounds into double play, 5-4-3 (Groundball, 56)
Top of the 7th over - 3 run(s), 4 hit(s), 0 error(s), 0 left on base; San Francisco 7 - Birmingham 4
BOTTOM OF THE 7TH
Birmingham Steeldogs batting - Pitching for San Francisco Bandits : RHP Mabuchi Yoshida
Pitching: RHP Fernando Llama
Batting: LHB Arturo Molina 0-0: Called Strike
0-1: Swinging Strike
0-2: SINGLE (Line Drive, 34D)
Batting: RHB Eric Johnson 0-0: Called Strike
0-1: Ball
1-1: Ball
2-1: Grounds into double play, 6-4-3 (Groundball, 6)
Batting: LHB Mitchell Oglethorpe 0-0: Foul Ball, location: 2F
0-1: Ball
1-1: Ball
2-1: Called Strike
2-2: Ball
3-2: Ground out 4-3 (Groundball, 4MS)
Bottom of the 7th over - 0 run(s), 1 hit(s), 0 error(s), 0 left on base; San Francisco 7 - Birmingham 4
TOP OF THE 8TH
San Francisco Bandits batting - Pitching for Birmingham Steeldogs : RHP Stanley Briggs
Batting: LHB Francisco Calderón 0-0: Ball
1-0: Ball
2-0: Foul Ball, location: 2F
2-1: Foul Ball, location: 2F
2-2: Hit by Pitch
Batting: RHB Javier Ramírez 0-0: Ball
Wild Pitch!
Francisco Calderón to second
1-0: Fly out, F9 (Line Drive, 9M)
Batting: RHB Emílio Bruno 0-0: Foul Ball, location: 2F
0-1: Ball
1-1: Ball
2-1: Ball
3-1: Base on Balls
Batting: SHB Vicente Ricks 0-0: Ball
1-0: Called Strike
1-1: Ball
2-1: Foul Ball, location: 2F
2-2: Strikes out swinging
Batting: RHB Bob Orr 0-0: Ball
1-0: Called Strike
1-1: Called Strike
1-2: Ball
2-2: Fly out, F9 (Flyball, 9D)
Top of the 8th over - 0 run(s), 0 hit(s), 0 error(s), 2 left on base; San Francisco 7 - Birmingham 4
BOTTOM OF THE 8TH
Birmingham Steeldogs batting - Pitching for San Francisco Bandits : RHP Fernando Llama
Batting: RHB Jean-Paul St-Pierre 0-0: Ball
1-0: Ground out 5-3 (Groundball, 56)
Batting: LHB Ben Kelley 0-0: SINGLE (Groundball, 56)
Pitching: RHP Carlos Ruíz
Batting: RHB Lorenzo Martínez 0-0: Ball
1-0: Foul Ball, location: 2F
1-1: Called Strike
1-2: 2-RUN HOME RUN (Flyball, 78XD), Distance : 400 ft
Pitching: LHP Esteban Peña
Batting: LHB José Martínez 0-0: Ball
1-0: Ball
2-0: Called Strike
2-1: Ground out 6-3 (Groundball, 6M)
Pitching: RHP Paul Lewis
Batting: RHB Raúl Soto 0-0: Called Strike
0-1: Foul Ball, location: 2F
0-2: Strikes out swinging
Bottom of the 8th over - 2 run(s), 2 hit(s), 0 error(s), 0 left on base; San Francisco 7 - Birmingham 6
TOP OF THE 9TH
San Francisco Bandits batting - Pitching for Birmingham Steeldogs : RHP Stanley Briggs
Batting: RHB Pete Rideout 0-0: Swinging Strike
0-1: Foul Ball, location: 2F
0-2: Foul Ball, location: 2F
0-2: Ball
1-2: Ball
2-2: Strikes out swinging
Batting: LHB Jerry Bryan 0-0: Ball
1-0: Foul Ball, location: 2F
1-1: Foul Ball, location: 2F
1-2: Ball
2-2: Foul Ball, location: 2F
2-2: Foul Ball, location: 2F
2-2: Ball
3-2: SINGLE (Flyball, 89S)
Batting: RHB Jorge Morales 0-0: Called Strike
0-1: Called Strike
0-2: Ball
1-2: 2-RUN HOME RUN (Flyball, 78XD), Distance : 435 ft
Batting: RHB Michael Elliott 0-0: Ball
1-0: Ground out 1-3 (Groundball, 25)
Batting: LHB Francisco Calderón 0-0: Ball
1-0: Called Strike
1-1: Ball
2-1: Ball
3-1: Foul Ball, location: 2F
3-2: Base on Balls
Batting: RHB Javier Ramírez 0-0: Ball
1-0: Ball
2-0: 2-RUN HOME RUN (Flyball, 8LXD), Distance : 430 ft
Pitching: RHP Craig Draper
Batting: RHB Emílio Bruno 0-0: Called Strike
0-1: Ball
1-1: Foul Ball, location: 2F
1-2: Ground out 5-3 (Groundball, 5L)
Top of the 9th over - 4 run(s), 3 hit(s), 0 error(s), 0 left on base; San Francisco 11 - Birmingham 6
BOTTOM OF THE 9TH
Birmingham Steeldogs batting - Pitching for San Francisco Bandits : RHP Paul Lewis
Now at 1B: Sadao Kato
Batting: LHB José Sánchez 0-0: Foul Ball, location: 2F
0-1: Ground out 4-3 (Groundball, 4M)
Batting: LHB Arturo Molina 0-0: Swinging Strike
0-1: Ball
1-1: Ground out 5-3 (Groundball, 5L)
Batting: RHB Eric Johnson 0-0: Foul Ball, location: 2F
0-1: Foul Ball, location: 2F
0-2: Ball
1-2: Ball
2-2: Ball
3-2: Fly out, F4 (Popup, 4)
Bottom of the 9th over - 0 run(s), 0 hit(s), 0 error(s), 0 left on base; San Francisco 11 - Birmingham 6
Monday, December 5th, 2016 - OOTP Baseball 17.12 Build 75